Map: 16-Bit LE

Players

Likethefish

  • Race: Protoss Protoss
  • League: Diamond
  • Spawn Location: 1:00

MarioMM - Winner!

  • Race: Terran Terran
  • League: Diamond
  • Spawn Location: 7:00

VOD

Have the link to the VOD?

Description

Time

  • Played on: July 20, 2018, 11:59 a.m.
  • Length: 15:28
Show
View Real Time Build Order
Export as new Build Order

Likethefish Protoss 

Build Orders: 1 Gate Expand, Oracle Opening 

Get SALT Encoding   

  12  0:01  Probe  
  13  0:13  Probe  
  14  0:18  Pylon  
  14  0:25  Probe  
  15  0:34  Probe  
  15  0:38  Gateway  
  15  0:42  Probe  
  16  0:47  Assimilator  
  17  0:51  Probe  
  18  1:03  Probe  
  19  1:26  Nexus  
  19  1:36  Cybernetics Core  
  19  1:40  Assimilator  
  19  1:45  Pylon  
  19  1:48  Probe  
  20  2:00  Probe  
  21  2:09  Adept  
  20  2:16  Probe  
  23  2:23  Stargate  
  23  2:24  Probe  
  23  2:29  Warp Gate  
  24  2:35  Stalker  
  24  2:36  Probe  
  26  2:42  Probe  
  28  2:48  Probe  
  28  2:50  Probe  
  30  2:58  Probe  
  30  3:00  Oracle, Probe  
  34  3:12  Stalker, Probe  
  38  3:15  Probe  
  39  3:24  Pylon, Probe  
  40  3:27  Probe  
  41  3:36  Probe  
  41  3:39  Probe  
  43  3:41  Pylon  
  43  3:48  Stalker, Probe  
  45  3:51  Probe  
  47  4:03  Probe x2  
  47  4:06  Gateway  
  47  4:07  Shield Battery  
  47  4:08  Gateway  
  49  4:30  Oracle  
  49  4:32  Probe x2  
  50  4:44  Probe  
  49  4:48  Probe  
  50  4:56  Probe  
  51  5:04  Nexus  
  51  5:05  Probe  
  51  5:06  Stalker, Pylon  
  51  5:07  Stalker x2  
  56  5:13  Assimilator  
  58  5:17  Assimilator  
  58  5:18  Probe x2  
  60  5:24  Robotics Facility  
  60  5:28  Twilight Council  
  60  5:30  Probe  
  61  5:43  Probe  
  63  5:57  Probe  
  63  6:07  Gateway  
  63  6:08  Gateway  
  63  6:10  Gateway  
  63  6:11  Gateway  
  63  6:13  Gateway  
  63  6:14  Blink  
  63  6:19  Forge x2  
  63  6:21  Probe x2  
  63  6:22  Probe  
  63  6:23  Forge  
  66  6:29  Probe  
  66  6:30  Probe x2  
  66  6:31  Observer  
  67  6:35  Stalker x2  
  67  6:36  Stalker  
  67  6:39  Probe x3  
  79  6:55  Probe x2  
  81  7:05  Stalker  
  81  7:06  Stalker  
  85  7:10  Pylon  
  85  7:14  Pylon  
  85  7:18  Pylon  
  85  7:29  Observer  
  80  7:42  Stalker  
  80  7:43  Stalker x5  
  80  7:44  Stalker x2  
  74  7:54  Stalker  
  74  7:55  Stalker x5  
  74  7:56  Stalker x2  
  77  8:08  Protoss Ground Weapons Level 1  
  77  8:09  Protoss Ground Armor Level 1  
  75  8:27  Probe x2  
  77  8:35  Nexus  
  77  8:36  Pylon  
  77  8:38  Robotics Bay  
  77  8:39  Probe  
  78  8:47  Pylon  
  78  8:49  Pylon  
  78  8:54  Warp Prism, Probe x2  
  78  8:55  Oracle  
  85  9:03  Charge  
  85  9:06  Probe x2  
  87  9:11  Zealot x7  
  101  9:21  Probe  
  101  9:23  Extended Thermal Lance  
  102  9:38  Nexus  
  102  9:42  Colossus  
  102  9:43  Pylon  
  102  9:47  Probe  
  109  9:54  Stalker  
  109  9:55  Stalker x3  
  117  10:09  Assimilator  
  117  10:11  Assimilator  
  114  10:26  Stalker  
  114  10:27  Stalker x4  
  124  10:29  Protoss Ground Weapons Level 2  
  124  10:30  Protoss Ground Armor Level 2  
  124  10:38  Colossus  
  110  11:03  Stalker x7  
  124  11:18  Pylon  
  124  11:20  Pylon  
  124  11:21  Pylon  
  124  11:23  Pylon x2  
  124  11:38  Oracle  
  125  11:50  Shield Battery  
  125  11:51  Zealot x3, Shield Battery  
  125  11:52  Zealot  
  125  11:53  Shield Battery  
  87  12:16  Stalker  
  87  12:17  Stalker x4  
  71  12:52  Sentry x2  
  71  12:53  Sentry x2  
  79  13:07  Colossus  
  81  13:31  Probe x2  
  81  13:33  Probe  
  81  13:39  Probe x2  
  81  13:41  Probe  
  84  13:47  Templar Archives  
  91  13:56  Oracle  
  90  14:07  Probe x3  
  93  14:11  Nexus  
  93  14:27  High Templar x3  
  93  14:28  High Templar  
  93  14:29  High Templar  
  93  14:30  High Templar x2  
  107  14:31  Immortal  
  107  14:33  Archon x2  
  111  15:05  Zealot x4  
  111  15:06  Zealot x4  
Show
View Real Time Build Order
Export as new Build Order

MarioMM Terran - Winner!

Build Orders: MMM Bio 

Get SALT Encoding   

  12  0:00  SCV  
  13  0:12  SCV  
  14  0:18  Supply Depot  
  14  0:24  SCV  
  15  0:29  Refinery  
  15  0:40  SCV  
  16  0:48  Barracks  
  16  0:52  SCV  
  17  1:04  SCV  
  18  1:18  SCV  
  19  1:28  Refinery  
  19  1:30  SCV  
  20  1:36  Reaper  
  21  1:41  Supply Depot  
  21  1:47  Orbital Command  
  21  1:50  Factory  
  21  2:15  Barracks Reactor  
  21  2:17  SCV  
  22  2:30  Command Center  
  22  2:32  SCV  
  23  2:44  SCV  
  24  2:59  SCV  
  24  3:02  Hellion, Starport, Barracks Tech Lab  
  24  3:03  Hellion  
  29  3:11  SCV  
  30  3:23  SCV  
  31  3:38  Stimpack  
  31  3:42  SCV, Cyclone x2  
  31  3:44  Refinery  
  31  3:45  Orbital Command  
  38  3:52  Medivac  
  40  3:56  Marine  
  40  4:01  Barracks  
  41  4:04  SCV  
  42  4:11  SCV  
  42  4:16  SCV  
  43  4:18  Engineering Bay  
  41  4:44  SCV  
  39  4:46  SCV  
  39  4:52  Command Center  
  40  4:58  Medivac, Marauder  
  40  4:59  SCV  
  45  5:02  Barracks  
  45  5:04  Factory Reactor, Terran Infantry Weapons Level 1  
  45  5:05  SCV  
  46  5:12  Missile Turret  
  46  5:20  SCV x2, Missile Turret  
  48  5:24  Supply Depot  
  48  5:27  Supply Depot  
  48  5:32  SCV x2, Marine  
  51  5:39  Starport Reactor  
  51  5:44  SCV  
  51  5:45  SCV  
  51  5:46  Combat Shields  
  51  5:47  Marine  
  51  5:48  Marine  
  51  5:49  Marine  
  54  5:53  Factory Tech Lab  
  55  6:06  Marine x2  
  55  6:07  Marine x2  
  55  6:08  Marine  
  60  6:12  SCV  
  60  6:14  SCV  
  60  6:15  Refinery  
  62  6:20  Orbital Command  
  62  6:21  Siege Tank  
  62  6:22  Medivac, Barracks  
  62  6:24  Marine x2  
  62  6:25  Medivac  
  71  6:27  SCV  
  72  6:33  Marine x3  
  75  6:41  Marine  
  75  6:42  SCV  
  75  6:43  SCV  
  75  6:46  Marine  
  79  6:49  SCV  
  79  6:51  Marine x2  
  79  6:52  Supply Depot x2  
  82  6:54  SCV  
  82  6:55  SCV  
  82  6:56  Refinery  
  84  7:06  SCV  
  85  7:14  SCV x2, Supply Depot  
  87  7:15  Terran Infantry Armor Level 1  
  87  7:18  SCV, Armory  
  87  7:22  Barracks  
  88  7:23  Marine x2, Marauder  
  88  7:24  Barracks  
  80  7:54  Marine  
  80  7:55  Marine x3, Marauder  
  80  7:56  Siege Tank  
  80  7:57  Medivac x2  
  90  8:12  Marine x2  
  88  8:13  Marine x2  
  88  8:16  Marauder  
  77  8:24  Barracks Reactor x2  
  77  8:27  Terran Vehicle Weapons Level 1, Barracks Tech Lab  
  77  8:30  Engineering Bay  
  77  8:31  Orbital Command, Barracks  
  77  8:32  SCV x2, Siege Tank  
  77  8:33  Medivac x2  
  86  8:38  Marauder  
  88  8:44  SCV x2  
  90  8:52  Refinery  
  90  8:54  Refinery  
  90  8:55  Missile Turret  
  90  8:56  SCV x2, Marine x4  
  90  8:57  Marauder  
  90  8:58  Concussive Shells  
  98  9:07  Terran Infantry Weapons Level 2  
  98  9:08  SCV  
  98  9:09  Marine x2  
  101  9:10  Marine, Marauder  
  101  9:11  Marine  
  101  9:15  Siege Tank  
  108  9:21  Supply Depot  
  108  9:24  Supply Depot  
  108  9:25  Supply Depot  
  108  9:27  SCV  
  109  9:42  SCV  
  110  9:48  Marine x7, Marauder  
  110  9:49  Siege Tank, Medivac x2  
  126  9:59  Missile Turret  
  126  10:15  Marine x5, Marauder  
  126  10:16  Barracks Tech Lab  
  133  10:22  Supply Depot, Marauder  
  133  10:23  Supply Depot  
  133  10:24  Supply Depot  
  125  10:37  Marine  
  125  10:38  Marine x6, Marauder  
  125  10:39  Siege Tank, Medivac  
  125  10:40  Medivac  
  122  11:01  Marine x3, Marauder x2  
  122  11:02  Marine x2, Marauder  
  122  11:03  Terran Infantry Armor Level 2  
  132  11:11  Siege Tank  
  135  11:19  Command Center  
  135  11:22  SCV x2  
  135  11:25  Supply Depot  
  137  11:27  Supply Depot  
  137  11:32  SCV  
  138  11:34  SCV  
  139  11:52  Missile Turret  
  87  12:26  Marine x3  
  87  12:27  Marine x3, Marauder x2  
  87  12:28  Marauder  
  95  12:43  Marine x2  
  87  12:44  Siege Tank, Marine x3  
  87  12:45  Viking x2  
  87  12:48  Marauder  
  87  12:49  Starport  
  98  12:51  Command Center, Starport  
  98  12:54  Marine x3  
  98  12:55  Marine, Marauder  
  104  13:02  SCV x2, Supply Depot  
  106  13:06  SCV  
  106  13:07  Supply Depot  
  106  13:10  Marauder  
  109  13:13  Marine x2  
  109  13:14  SCV x2, Marine x4  
  109  13:15  Marauder  
  109  13:16  Refinery, Terran Vehicle And Ship Armor Level 1  
  109  13:18  SCV  
  120  13:20  Armory  
  120  13:22  Planetary Fortress  
  120  13:26  SCV x2, Marine  
  120  13:27  Marine, Marauder  
  125  13:28  Siege Tank, Viking  
  125  13:29  Viking  
  125  13:30  Medivac  
  125  13:31  Medivac  
  137  13:41  Refinery  
  137  13:42  Command Center  
  137  13:46  Sensor Tower  
  137  13:51  Marine x3  
  137  13:52  Marine x3, Marauder x2  
  137  13:53  Marine x2, Marauder  
  151  13:58  Medivac, Viking  
  151  14:00  SCV x2, Medivac  
  151  14:01  Viking  
  151  14:02  Supply Depot  
  161  14:03  Supply Depot  
  161  14:07  Missile Turret  
  161  14:14  Marine x2  
  161  14:15  Marauder x3  
  169  14:18  Siege Tank  
  172  14:28  Medivac, Viking  
  123  14:31  Orbital Command  
  176  14:32  Missile Turret  
  176  14:33  Command Center  
  176  14:37  Medivac  
  176  14:38  Viking  
  180  14:49  SCV x2  
  180  14:50  SCV x2  
  184  14:55  Command Center  
  184  14:59  Marine x4  
  190  15:00  Marine, Marauder x3  
  190  15:01  SCV  
Tags
 
Add a new tag
Caveats
  • Supply blocks, unpowered buildings, or Contaminate may cause inaccurate times.
  • Supply counts are checked every 10 seconds.